 Dungeon Crawl Stone Soup version 0.13.0-9-gbc74161 (webtiles) character file.

295 Malachi the Grave Robber (level 5, -5/46 HPs)
             Began as an Ogre Necromancer on Oct 17, 2013.
             Slain by an ogre
             ... wielding a +0,+0 giant spiked club
              (26 damage)
             ... on Level 4 of the Dungeon.
             The game lasted 00:06:06 (3573 turns).

Malachi the Grave Robber (Ogre Necromancer)         Turns: 3573, Time: 00:06:06

HP  -5/46        AC  4     Str 13      XL: 5   Next: 26%
MP   8/8         EV 10     Int 15      God:
Gold 151         SH  0     Dex 10      Spells:  2 memorised,  3 levels left

Res.Fire  : . . .   See Invis. : .   q - +1,+2 hammer (distort)
Res.Cold  : . . .   Warding    : .   a - +0 robe
Life Prot.: . . .   Conserve   : .   (shield restricted)
Res.Poison: .       Res.Corr.  : .   (helmet restricted)
Res.Elec. : .       Clarity    : .   p - +0 cloak
Sust.Abil.: . .     Spirit.Shd : .   (gloves unavailable)
Res.Mut.  : .       Stasis     : .   (boots unavailable)
Res.Rott. : .       Flight     : .   (no amulet)
Saprovore : + . .                    (no ring)
                                     (no ring)

@: confused, slightly resistant to hostile enchantments, very unstealthy
A: unfitting armour, fast metabolism 1, saprovore 1, tough skin 1
a: no special abilities


You were on level 4 of the Dungeon.
You were very hungry.

You visited 1 branch of the dungeon, and saw 4 of its levels.

You collected 131 gold pieces.

Inventory:

Hand weapons
 h - a +0,+0 mace
 l - a +3,+0 elven dagger of speed (quivered)
 q - a +1,+2 hammer of distortion (weapon)
Armour
 a - a +0 robe (worn)
 p - a +0 cloak (worn)
Magical devices
 v - a wand of polymorph (15) {unknown}
 x - a wand of slowing (0)
Comestibles
 c - 2 meat rations
 s - a snozzcumber
Scrolls
 d - a scroll of fog {unknown}
 e - 2 scrolls of teleportation {unknown}
 f - a scroll of recharging {unknown}
 g - a scroll of curse armour {unknown}
 j - a scroll of enchant weapon I {unknown}
 m - 2 scrolls of identify {unknown}
 n - a scroll of magic mapping {unknown}
 r - a scroll of fear {unknown}
 t - a scroll of enchant weapon II {unknown}
 w - 3 scrolls of remove curse {unknown}
 y - a scroll of noise {unknown}
 A - a scroll of random uselessness {unknown}
Jewellery
 i - an uncursed amulet of stasis {unknown}
Potions
 k - 2 potions of curing {unknown}
 o - a potion of resistance {unknown}
 u - a potion of speed {unknown}
 z - 2 potions of poison {unknown}
Books
 b - a book of Necromancy

   Spells                             Type                      Level
   *Pain                              Necromancy                   1
   Animate Skeleton                   Necromancy                   1
   *Lethal Infusion                   Charms/Necromancy            2
   Vampiric Draining                  Necromancy                   3
   Regeneration                       Charms/Necromancy            3
   Animate Dead                       Necromancy                   4
   Control Undead                     Necromancy                   4


   Skills:
 * Level 1.8 Fighting
 * Level 2.6 Maces & Flails
 - Level 1.7 Dodging
 - Level 1.5 Stealth
 - Level 1.3 Spellcasting
 + Level 4.2 Necromancy


You had 3 spell levels left.
You knew the following spells:

 Your Spells              Type           Power        Failure   Level  Hunger
a - Pain                  Necr           ##..         4%          1    ##.....
b - Lethal Infusion       Chrm/Necr      #.........   17%         2    ###....


Dungeon Overview and Level Annotations

Branches:
Dungeon (4/27)
 Temple: D:4-7

Altars:


Innate Abilities, Weirdness & Mutations

You are too large for most types of armour.
You have a fast metabolism.
You can tolerate rotten meat.
You have tough skin (AC +1).


Message History

You see here a club.
Key pressed, stopping explore.
Found 23 arrows.
A giant spore and an ogre come into view.
The giant spore waves its rhizomes.
The ogre shouts!
A ballistomycete grows in the wake of the spore.
The giant spore explodes!
The explosion of spores engulfs the ballistomycete.
The explosion of spores engulfs you!
You are confused.
Ouch! That really hurt!
You hear a croak.
Ouch! Ouch! The ogre closely misses you. The ogre closely misses you.
You barely miss the ogre.
The ogre hits you with a giant spiked club!
Ouch! That really hurt!
You die...

#############
..##.......#
.#####.##.#####.#
..(...#.##.#####)#
#.O......##.#
#...#@##.##.##.#
#. #f##.##.##.#
#.##.......#
..#####.#### ..#
###.# #### #...#
..###...##
......###.#
..#.#...#.#


You could see an ogre and an active ballistomycete.

Vanquished Creatures
  Crazy Yiuf (D:2)
  Terence (D:2)
  3 adders (D:2)
  A giant mite (D:2)
  A worm (D:2)
  2 giant geckos
  An orc (D:3)
  4 goblins (D:1)
  6 hobgoblins
  12 jackals
  6 kobolds
  A quokka (D:3)
  12 bats
  2 giant cockroaches
  3 giant newts (D:2)
  6 rats
62 creatures vanquished.

Vanquished Creatures (others)
  A bat (D:2)
  A goblin (D:2)
  A giant spore (D:4)
3 creatures vanquished.

Grand Total: 65 creatures vanquished

Notes
Turn   | Place    | Note
--------------------------------------------------------------
     0 | D:1      | Malachi, the Ogre Necromancer, began the quest for the Orb.
     0 | D:1      | Reached XP level 1. HP: 16/16 MP: 3/3
    14 | D:1      | Reached skill level 3 in Necromancy
   234 | D:1      | Reached XP level 2. HP: 7/24 MP: 0/4
   814 | D:1      | Learned a level 2 spell: Lethal Infusion
   962 | D:1      | Reached XP level 3. HP: 31/31 MP: 6/6
  2193 | D:2      | Noticed Crazy Yiuf
  2203 | D:2      | Killed Crazy Yiuf
  2203 | D:2      | Reached skill level 1 in Maces & Flails
  2203 | D:2      | Reached skill level 4 in Necromancy
  2203 | D:2      | Reached XP level 4. HP: 17/39 MP: 4/7
  2428 | D:2      | Noticed Terence
  2770 | D:2      | Reached skill level 1 in Fighting
  2823 | D:2      | Killed Terence
  2922 | D:2      | Reached XP level 5. HP: 36/45 MP: 8/8
  3567 | D:4      | Noticed an ogre
  3573 | D:4      | Slain by an ogre

Action                   |  1- 3 |  4- 6 || total
-------------------------+-------+-------++-------
Melee: Mace              |    98 |       ||    98
       Hammer            |       |    88 ||    88
 Cast: Pain              |    30 |       ||    30
       Lethal Infusion   |     2 |       ||     2
 Stab: Sleeping          |     1 |       ||     1
       Distracted        |       |     1 ||     1
